 Dungeon Crawl Stone Soup version 0.19-a0-1384-gbb462ca (webtiles) character file.

4092 HandofTrog the Grappler (level 10, -4/133 HPs)
             Began as a Troll Monk on Sept 3, 2016.
             Was a Follower of Uskayaw.
             Slain by a hill giant
             ... wielding a +0 giant club
              (41 damage)
             ... on level 9 of the Dungeon on Sept 4, 2016.
             The game lasted 00:28:00 (6521 turns).

HandofTrog the Grappler (Troll Monk)                Turns: 6521, Time: 00:28:01

Health: -4/133     AC:  6    Str: 27    XL:     10   Next: 5%
Magic:  9/9        EV: 11    Int:  8    God:    Uskayaw [*.....]
Gold:   483        SH:  0    Dex: 16    Spells: 0 memorised, 9 levels left

rFire  . . .     SeeInvis .       - Unarmed
rCold  x . .     Gourm    +     a - +0 robe
rNeg   . . .     Faith    .     (no shield)
rPois  .         Spirit   .     m - +0 hat
rElec  +         Dismiss  +     q - +0 cloak
rCorr  .         Reflect  .     (gloves unavailable)
MR     .....     Harm     .     (boots unavailable)
Stlth  ..........               E - amulet of the Orange Skies {Dismiss rElec rF- Dex+4}
                                d - ring of stealth
                                n - ring of fire

@: berserking, very quick
A: unfitting armour, claws 3, fast metabolism 3, gourmand, regeneration 1,
shaggy fur 1, tough skin 2
a: Stomp, Renounce Religion


You were on level 9 of the Dungeon.
You worshipped Uskayaw.
Uskayaw was noncommittal.
You were very full.

You visited 1 branch of the dungeon, and saw 9 of its levels.

You collected 483 gold pieces.

Inventory:

Hand Weapons
 j - a +0 mace
 p - a +2 quarterstaff of chaos
 u - a +0 flail of pain
 y - a +0 giant spiked club
 A - the +11 hunting sling of Cheese {flame, rC+++ MP+9 SInv Stlth-}
   (You found it on level 4 of the Dungeon)

   It causes projectiles fired from it to burn those they strike, causing extra
   injury to most foes and up to half again as much damage against particularly
   susceptible opponents.
   It renders you almost immune to cold.
   It affects your magic capacity (+9).
   It lets you see invisible.
   It makes you less stealthy.
Missiles
 r - 190 stones (quivered)
Armour
 a - a +0 robe (worn)
 m - a +0 hat (worn)
 q - a +0 cloak (worn)
Jewellery
 d - a ring of stealth (right claw)
 i - a cursed -5 ring of evasion {unknown}
 n - a ring of fire (left claw)
 o - an uncursed ring of fire
 x - an uncursed amulet of magic regeneration
 E - the amulet of the Orange Skies (around neck) {Dismiss rElec rF- Dex+4}
   (You found it on level 5 of the Dungeon)

   [amulet of dismissal]

   It may teleport away creatures that harm you.
   It affects your dexterity (+4).
   It makes you vulnerable to fire.
   It insulates you from electricity.
 H - a -2 ring of intelligence
Wands
 G - a wand of disintegration (10/24)
 I - a wand of flame (24/48)
 L - a wand of lightning (7/15)
 N - a wand of paralysis (15/24)
 O - a wand of flame (44/48)
Scrolls
 e - a scroll of fear {unknown}
 l - 3 scrolls of remove curse
 s - 4 scrolls of teleportation {unknown}
 t - 3 scrolls of fog
 v - 2 scrolls of magic mapping {unknown}
 B - 3 scrolls of recharging {unknown}
 C - a scroll of enchant armour {unknown}
 D - a scroll of amnesia {unknown}
 S - a scroll of noise {unknown}
Potions
 h - 2 potions of might
 k - 2 potions of cancellation
 z - a potion of curing
 F - a potion of haste
 P - a potion of ambrosia {unknown}
 Q - 3 potions of degeneration {unknown}
 R - a potion of cure mutation
Books
 J - a book of Power

   Spells                             Type                      Level
   a - Fulminant Prism                Conjuration/Hexes            4
   b - Iskenderun's Mystic Blast      Conjuration                  4
   c - Venom Bolt                     Conjuration/Poison           5
   d - Bolt of Magma                  Conjuration/Fire/Earth       5
   e - Iron Shot                      Conjuration/Earth            6
   f - Orb of Destruction             Conjuration                  7
   g - Spellforged Servitor           Conjuration/Summoning        7
Comestibles
 b - 5 bread rations
 f - 2 slices of pizza
 g - 5 meat rations
 K - a beef jerky
 M - 24 fruits
 T - a royal jelly


   Skills:
 - Level 2.9 Fighting
 - Level 3.1 Dodging
 - Level 1.2 Stealth
 + Level 13.9 Unarmed Combat


You had 9 spell levels left.
You didn't know any spells.

Dungeon Overview and Level Annotations

Branches:
Dungeon (9/15)             Temple (0/1) D:6            Lair (0/6) D:8
    Orc: D:9-12

Altars:
Ashenzari
Elyvilon
Makhleb
Sif Muna
Uskayaw
Yredelemnul


Innate Abilities, Weirdness & Mutations

You are too large for most types of armour.
You have claws for hands.
Your metabolism is lightning-fast.
You like to eat raw meat.
Your natural rate of healing is unusually fast.
You are covered in fur. (AC +1)
You have very tough skin. (AC +2)


Message History

The hill giant is moderately wounded.
Throwing (i - inventory. (,) - cycle):
w - 2 throwing nets (quivered)
Press: ? - help, Shift-Dir - straight line, f/p - hill giant
Aim: a hill giant, wielding a giant club (moderately wounded, immune to nets)
You throw a throwing net. The throwing net hits the hill giant.
The hill giant is too large for the net to hold!
The hill giant is moderately wounded.
The hill giant barely misses you.
Throwing (i - inventory. (,) - cycle):
w - a throwing net (quivered)
Press: ? - help, Shift-Dir - straight line, f/p - hill giant
Aim: a hill giant, wielding a giant club (moderately wounded, immune to nets)
You throw a throwing net.
The throwing net barely misses the hill giant.
The hill giant hits you with a giant club!!
* * * LOW HITPOINT WARNING * * *
You are too injured to fight recklessly!
A red film seems to cover your vision as you go berserk!
You feel yourself moving faster!
You feel mighty!
The hill giant hits you with a giant club!!!
You die...

#################################
#................................
#................................
#................................
#+#####..........................
.....##....##.......##...........
.....##....###########...........
##...##....##.......#####'###[...
⌠#.........#....@...#.......#####
.#.........'....C...#.......#
#####......##.......#.......#
#...#.#######.......#.......#
'...#.#....##.......#.......#
#...#......#........#.......#
#####......#....(...#.).....#
.#.........##...##+##.......#
⌠#....#....##...# #########


You could see a hill giant.

Vanquished Creatures
  Grinder (D:3)
  2 yaks (D:8)
  Sigmund (D:6)
  A wyvern (D:8)
  2 orc warriors (D:8)
  5 phantoms
  An ice beast (D:5)
  3 centaurs
  5 ogres
  2 big kobolds
  3 giant frogs
  A scorpion (D:4)
  2 water moccasin skeletons
  5 killer bees (D:8)
  A howler monkey (D:4)
  3 crimson imps
  3 hounds
  Crazy Yiuf (D:2)
  4 orc priests
  10 orc wizards
  A giant frog skeleton (D:5)
  An iguana (D:6)
  Natasha (twice) (D:2)
  6 worker ants
  2 hound zombies
  A gnoll (D:1)
  7 adders
  6 river rats (D:8)
  2 oozes
  3 worms
  2 dart slugs
  5 giant geckos
  28 orcs
  A ball python (D:6)
  17 bats
  4 giant cockroaches
  9 goblins
  4 hobgoblins
  14 jackals
  5 quokkas
  A giant gecko skeleton (D:4)
  5 giant newts
  7 kobolds
  17 rats
  A fungus (D:2)
207 creatures vanquished.

Vanquished Creatures (others)
  6 fungi (D:8)
6 creatures vanquished.

Grand Total: 213 creatures vanquished

Notes
Turn   | Place    | Note
-------+----------+-------------------------------------------
     0 | D:1      | HandofTrog the Troll Monk began the quest for the Orb.
     0 | D:1      | Reached XP level 1. HP: 22/22 MP: 0/0
   120 | D:1      | Reached XP level 2. HP: 29/29 MP: 1/1
   215 | D:1      | Reached XP level 3. HP: 34/36 MP: 2/2
   507 | D:2      | Found a hide-covered altar of Uskayaw.
   510 | D:2      | Noticed a dagger
   511 | D:2      | Noticed a hand axe
   518 | D:2      | Became a worshipper of Uskayaw the Reveler
   518 | D:2      | Reached * piety under Uskayaw
   733 | D:2      | Reached ** piety under Uskayaw
   955 | D:2      | Reached XP level 4. HP: 44/44 MP: 3/3
   989 | D:2      | Noticed Natasha
  1077 | D:2      | Killed Natasha
  1077 | D:2      | Reached skill level 4 in Unarmed Combat
  1097 | D:2      | Noticed Natasha
  1103 | D:2      | Killed Natasha
  1155 | D:2      | Found a runed door.
  1209 | D:2      | Noticed Crazy Yiuf
  1214 | D:2      | Killed Crazy Yiuf
  1214 | D:2      | Reached XP level 5. HP: 52/52 MP: 4/4
  1344 | D:2      | Reached skill level 5 in Unarmed Combat
  1384 | D:3      | Noticed Grinder
  1412 | D:3      | Killed Grinder
  1412 | D:3      | Reached skill level 6 in Unarmed Combat
  1412 | D:3      | Reached XP level 6. HP: 32/59 MP: 1/5
  2553 | D:4      | Reached skill level 7 in Unarmed Combat
  2553 | D:4      | Reached XP level 7. HP: 66/66 MP: 6/6
  2610 | D:4      | Reached skill level 8 in Unarmed Combat
  2799 | D:4      | Got a jewelled hunting sling
  2803 | D:4      | Identified the +11 hunting sling of Cheese {flame, rC+++ MP+9 SInv Stlth-} (You found it on level 4 of the Dungeon)
  3055 | D:5      | Entered Level 5 of the Dungeon
  3080 | D:5      | Reached skill level 9 in Unarmed Combat
  3108 | D:5      | Reached XP level 8. HP: 55/74 MP: 7/7
  3342 | D:5      | Reached *** piety under Uskayaw
  3367 | D:5      | Got a steaming bronze amulet
  3532 | D:5      | Reached skill level 10 in Unarmed Combat
  3532 | D:5      | Reached **** piety under Uskayaw
  3599 | D:5      | Found a deep blue altar of Sif Muna.
  3600 | D:5      | Found a burning altar of Makhleb.
  3601 | D:5      | Found a basalt altar of Yredelemnul.
  3754 | D:5      | Gained mutation: Potions and wands are less effective at restoring your health. [potion of mutation]
  3754 | D:5      | Gained mutation: Your spells are a little harder to cast, but a little more powerful. [potion of mutation]
  3754 | D:5      | Gained mutation: You are weak. (Str -2) [potion of mutation]
  3755 | D:5      | Lost mutation: Your spells are a little harder to cast, but a little more powerful. [potion of cure mutation]
  3755 | D:5      | Lost mutation: You are weak. (Str -2) [potion of cure mutation]
  3755 | D:5      | Lost mutation: Potions and wands are less effective at restoring your health. [potion of cure mutation]
  3757 | D:5      | Identified the amulet of the Orange Skies {Dismiss rElec rF- Dex+4} (You found it on level 5 of the Dungeon)
  4026 | D:6      | Noticed Sigmund
  4037 | D:6      | Killed Sigmund
  4037 | D:6      | Reached skill level 11 in Unarmed Combat
  4273 | D:6      | Reached XP level 9. HP: 70/80 MP: 8/8
  4313 | D:6      | Found a staircase to the Ecumenical Temple.
  4425 | D:6      | Found a white marble altar of Elyvilon.
  4919 | D:7      | Reached skill level 12 in Unarmed Combat
  5358 | D:8      | Reached ***** piety under Uskayaw
  5425 | D:8      | Reached skill level 13 in Unarmed Combat
  5604 | D:8      | Gained mutation: You have a pair of small horns on your head. [potion of mutation]
  5604 | D:8      | Gained mutation: Your magical capacity is low. (-10% MP) [potion of mutation]
  5604 | D:8      | Gained mutation: You are dopey. (Int -2) [potion of mutation]
  5605 | D:8      | Lost mutation: Your magical capacity is low. (-10% MP) [potion of cure mutation]
  5605 | D:8      | Lost mutation: You are dopey. (Int -2) [potion of cure mutation]
  5605 | D:8      | Lost mutation: You have a pair of small horns on your head. [potion of cure mutation]
  5689 | D:8      | Found a staircase to the Lair.
  6154 | D:8      | Reached XP level 10. HP: 88/89 MP: 9/9
  6322 | D:9      | Found a shattered altar of Ashenzari.
  6494 | D:9      | Noticed a hill giant
  6521 | D:9      | Slain by a hill giant

Vault maps used:
D:1:      dpeg_arrival_connections
D:2:      dancing_weapons_uskayaw, uniq_natasha, uniq_crazy_yiuf_cottage
D:3:      uniq_grinder
D:4:      first_bread
D:5:      minitemple, st_stairs_14
D:6:      basic_altar, minmay_crystal_room, serial_bayou_pond_e,
          kennysheep_small_spiral, uniq_sigmund
D:7:      minivault_11
D:8:      grunt_lair_entry_orc_guard_hut, blue_anna_alchemist
D:9:      evilmike_ruin_ashenzari, david_orc_5

Skill      XL: |  1  2  3  4  5  6  7  8  9 |
---------------+----------------------------+-----
Dodging        | 3 |  3.1
Unarmed Combat | 4 6 7 9 11 13 | 13.9
Fighting       | |  2.9
Stealth        | |  1.2

Action                   |  1- 3 |  4- 6 |  7- 9 | 10-12 || total
-------------------------+-------+-------+-------+-------++-------
Melee: Unarmed           |   111 |   102 |   317 |    28 ||   558
       Punch             |       |     3 |    10 |     3 ||    16
 Fire: Hunting sling     |       |       |     2 |     3 ||     5
Throw: Throwing net      |       |       |       |     3 ||     3
Invok: Stomp             |       |     3 |       |       ||     3
  Use: Scroll            |       |     4 |     6 |       ||    10
       Potion            |       |       |     6 |     1 ||     7
 Stab: Distracted        |       |     1 |     1 |     1 ||     3
       Sleeping          |       |     1 |     7 |     1 ||     9
       Paralysed         |       |       |     8 |       ||     8
  Eat: Chunk             |    12 |     9 |    32 |     6 ||    59
       Bread ration      |       |       |     1 |       ||     1
Armor: Robe              |    31 |    20 |    70 |    12 ||   133
Dodge: Dodged            |    60 |    46 |   154 |     5 ||   265
